 Dungeon Crawl Stone Soup version 0.26.1-10-gdfb7c7de75 (webtiles) character file.

Game seed: 1443296834325407678

58 tardwrangler69 the Skirmisher (level 4, -3/31 HPs)
             Began as an Octopode Fighter on Apr 7, 2021.
             Slain by a gnoll
             ... wielding a +0 spear
              (11 damage)
             ... on level 2 of the Dungeon.
             The game lasted 00:01:17 (1852 turns).

tardwrangler69 the Skirmisher (Octopode Fighter)    Turns: 1852, Time: 00:01:18

Health: -3/31      AC:  1    Str: 16    XL:     4   Next: 2%
Magic:  4/4        EV: 11    Int: 10    God:
Gold:   73         SH:  8    Dex: 11    Spells: 3/3 levels left

rFire    . . .     SeeInvis .   a - +0 long sword
rCold    . . .     Faith    .   b - +0 kite shield
rNeg     . . .     Spirit   .   (helmet restricted)
rPois    .         Reflect  .   (no amulet)
rElec    .         Harm     .   (no ring)
rCorr    .         Rampage  .   (no ring)
Will     .....                  (no ring)
Stlth    ++........             (no ring)
HPRegen  0.10/turn              (no ring)
MPRegen  0.09/turn              (no ring)
                                (no ring)
                                (no ring)

@: no status effects
A: almost no armour, stealthy swim, amphibious, 8 rings, constrict 8, camouflage
1, gelatinous body 1
a: no special abilities


You were on level 2 of the Dungeon.
You visited 1 branch of the dungeon, and saw 2 of its levels.

You collected 73 gold pieces.

Inventory:

Hand Weapons
 a - a +0 long sword (weapon)
Armour
 b - a +0 kite shield (worn)
Scrolls
 d - a scroll of noise {unknown}
 e - a scroll of teleportation {unknown}
 g - 3 scrolls of remove curse {unknown}
Potions
 c - a potion of might
 f - a potion of flight {unknown}
 h - a potion of attraction {unknown}


   Skills:
 + Level 3.4 Fighting
 * Level 3.2 Long Blades
 + Level 3.4 Dodging
 - Level 3.0 Shields


You had 3 spell levels left.
You didn't know any spells.
Your spell library was empty.

Dungeon Overview and Level Annotations

Branches:
Dungeon (2/15)

Altars:


Innate Abilities, Weirdness & Mutations

You cannot wear most types of armour.
You are very stealthy in the water. (Stealth+)
You are amphibious.
You can wear up to eight rings at the same time.
You can use your tentacles to constrict eight enemies at once.
Your skin changes colour to match your surroundings (Stealth+).
Your rubbery body absorbs attacks. (AC +1, EV +1)


Message History

* * * LOW HITPOINT WARNING * * *
You are too injured to fight recklessly!
You are too injured to fight recklessly!
You are too injured to fight recklessly!
You are too injured to fight recklessly!
You are too injured to fight recklessly!
You are too injured to fight recklessly!
You are too injured to fight recklessly!
You are too injured to fight recklessly!
You are too injured to fight recklessly!
You are too injured to fight recklessly!
You are too injured to fight recklessly!
You are too injured to fight recklessly!
You are too injured to fight recklessly!
You are too injured to fight recklessly!
You are too injured to fight recklessly!
The gnoll barely misses you.
There is a stone staircase leading up, spattered with blood here.
The gnoll hits you from afar with a +0 spear!
You die...

#.).##...(...........#
###.####รท.).)..........#
#####...# ##(............##
...(..g#######(....#.....##
##.......g..)(############
...##########.#### ####
#.ggg# ####[##### #@....#
####....# [ ##.# .


You could see 2 gnolls.

Vanquished Creatures
  Robin (D:2)
  A gnoll (D:1)
  A leopard gecko (D:1)
  10 goblins
  5 hobgoblins
  4 bats
  3 frilled lizards (D:1)
  6 kobolds
  A quokka zombie (D:2)
  5 rats (D:1)
37 creatures vanquished.

Vanquished Creatures (others)
  A withered plant (D:2)
1 creature vanquished.

Grand Total: 38 creatures vanquished

Notes
Turn   | Place    | Note
-------+----------+-------------------------------------------
     0 | D:1      | tardwrangler69 the Octopode Fighter began the quest for the
                  | Orb.
     0 | D:1      | Reached XP level 1. HP: 16/16 MP: 1/1
   218 | D:1      | Reached XP level 2. HP: 19/21 MP: 2/2
   807 | D:2      | Noticed Robin
   819 | D:2      | Reached XP level 3. HP: 3/26 MP: 3/3
  1112 | D:2      | Killed Robin
  1791 | D:1      | Reached XP level 4. HP: 25/31 MP: 4/4
  1852 | D:2      | Slain by a gnoll

Illustrated notes

Levels and vault maps discovered:
D:1:      beargit_arrival_greenhouse, layout_loops_ring
D:2:      layout_rooms, serial_undead, serial_undead_f, serial_undead_a,
          serial_undead_b, serial_undead_a, uniq_robin

Skill      XL: |  1  2  3 |
---------------+----------+-----
Long Blades    | 3 |  3.2
Fighting       | |  3.4
Dodging        | |  3.4
Shields        | |  3.0

Action                   |  1- 3 |  4- 6 || total
-------------------------+-------+-------++-------
Melee: Long sword        |    50 |     1 ||    51
       Tentacles         |    10 |     1 ||    11
       Constrict         |    18 |       ||    18
 Stab: Sleeping          |     7 |       ||     7
Armor: Skin              |     4 |       ||     4
Dodge: Dodged            |    43 |     2 ||    45
Block: Kite shield       |    45 |     2 ||    47
       Rpst.: Long sword |    13 |       ||    13
